 Dungeon Crawl Stone Soup version 0.31-a0-569-g7ea453304b (webtiles) character file.

Game seed: 8027575315258496700

128 Bnni the Digger (level 5, -4/37 HPs)
             Began as a Formicid Earth Elementalist on Aug 18, 2023.
             Slain by an orc
             ... wielding a +0 hand axe
              (5 damage)
             ... on level 4 of the Dungeon.
             The game lasted 00:03:34 (2451 turns).

Bnni the Digger (Formicid Earth Elementalist)       Turns: 2451, Time: 00:03:35

Health: -4/37      AC:  2    Str: 12    XL:     5   Next: 34%
Magic:  1/8        EV: 12    Int: 17    God:
Gold:   102        SH:  0    Dex: 20    Spells: 3/9 levels left

rFire   . . .        r - +0 whip (venom)
rCold   . . .        (no shield)
rNeg    . . .        a - +0 robe
rPois   .            (helmet unavailable)
rElec   .            (no cloak)
rCorr   .            (no gloves)
SInv    +            (no boots)
Will    .....        (no amulet)
Stlth   ++           o - +6 ring of dexterity
HPRegen 0.26/turn    (no ring)
MPRegen 0.11/turn

%: no passive effects
@: no status effects
A: permanent stasis, dig shafts and tunnels, antennae 3, four strong arms
a: Dig, Shaft Self


You were on level 4 of the Dungeon.
You visited 1 branch of the dungeon, and saw 4 of its levels.

You collected 102 gold pieces.

Inventory:

Hand Weapons
 e - a +4 dagger
 r - a +0 whip of venom (weapon)
Armour
 a - a +0 robe (worn)
 q - a +0 ring mail
Jewellery
 o - a +6 ring of dexterity (left hand)
Scrolls
 c - a scroll of noise {unknown}
 g - 2 scrolls of vulnerability {unknown}
 k - 2 scrolls of identify {unknown}
 l - 3 scrolls of teleportation {unknown}
 m - a scroll of torment {unknown}
 n - 2 scrolls of immolation {unknown}
 p - a scroll of amnesia {unknown}
Potions
 b - a potion of magic
 f - a potion of ambrosia {unknown}
 h - 2 potions of enlightenment {unknown}
 i - a potion of degeneration {unknown}
 j - a potion of haste {unknown}


   Skills:
 + Level 1.3 Fighting
 - Level 1.7 Dodging
 - Level 2.4 Stealth
 + Level 2.6 Spellcasting
 * Level 2.0 Conjurations
 * Level 2.7 Transmutations
 * Level 4.5 Earth Magic


You had 3 spell levels left.
You knew the following spells:

 Your Spells              Type           Power      Damage    Failure   Level
a - Sandblast             Erth           34%        2d9       2%          1
b - Passwall              Tmut/Erth      11%        N/A       6%          2
c - Stone Arrow           Conj/Erth      26%        3d8       14%         3

Your spell library contained the following spells:

 Spells                   Type           Power      Damage    Failure   Level
 Cigotuvi's Dreadful Rot  Necr/Pois/Air  4%         N/A       28%         2
 Portal Projectile        Hex/Tloc       4%         N/A       50%         3
 Tukima's Dance           Hex            2%         N/A       50%         3
 Petrify                  Tmut/Erth      14%        N/A       38%         4
 Iskenderun's Mystic Bla  Conj/Tloc      5%         2d3       75%         4
 Manifold Assault         Tloc           2%         N/A       88%         4
 Olgreb's Toxic Radiance  Pois           2%         N/A       88%         4
 Alistair's Intoxication  Tmut/Pois      4%         N/A       96%         5
 Dispersal                Tloc           1%         N/A       100%        6
 Disjunction              Tloc           1%         N/A       100%        8


Dungeon Overview and Level Annotations

Branches:
Dungeon (4/15)
 Temple: D:4-7

Altars:
Nemelex Xobeh
Uskayaw


Innate Abilities, Weirdness & Mutations

You cannot be hasted, slowed, berserked, paralysed or teleported.
You can dig through walls and to a lower floor.
You have a pair of large antennae on your head. (SInv)
Your four strong arms can wield two-handed weapons with a shield.


Message History

The orc barely misses you. The orc wizard casts a spell at you.
The puff of flame hits you!
* * * LOW HITPOINT WARNING * * *
You feel better.
You extend your mandibles.
You dig through the rock wall.
You feel drained.
Aiming: Sandblast (safe; 3% risk of failure)
Press: ? - help, Q - select action, (/) - cycle Shift-Dir - straight line, f - kobold
Aim: a kobold, wielding a +0 dagger and quivering stones (77% to hit)
The blast of sand hits the kobold.
You kill the kobold!
Unknown command.
Aiming: Sandblast (safe; 3% risk of failure)
Press: ? - help, Q - select action, (/) - cycle Shift-Dir - straight line, f - orc
Aim: an orc, wielding a +0 hand axe and wearing a +0 scale mail (pursuing quickly, 84% to hit)
The blast of sand hits the orc.
The orc is moderately wounded.
The orc hits you with a +0 hand axe!
* * * LOW HITPOINT WARNING * * *
Aiming: Sandblast (safe; 3% risk of failure)
Press: ? - help, Q - select action, (/) - cycle Shift-Dir - straight line, f - orc wizard
Aim: an orc wizard, wielding a +0 dagger and wearing a +0 robe (severely wounded, pursuing quickly, poisoned, 77% to hit)
The blast of sand hits the orc wizard.
You kill the orc wizard!
The orc barely misses you.
Your life force feels restored.
Your Conjurations skill increases to level 2!
You retract your mandibles.
You closely miss the orc.
The orc is moderately wounded.
The orc hits you with a +0 hand axe.
* * * LOW HITPOINT WARNING * * *
Unknown command.
Aiming: Sandblast (safe; 2% risk of failure)
Press: ? - help, Q - select action, (/) - cycle Shift-Dir - straight line, f - orc
Aim: an orc, wielding a +0 hand axe and wearing a +0 scale mail (moderately wounded, pursuing quickly, 84% to hit)
The blast of sand hits the orc but does no damage.
The orc is moderately wounded.
The orc hits you with a +0 hand axe.
You die...

............... ~~~
..............## ~≈~♣ ♣♣#
#.............## ~≈~P♣ ♣.#
#..............#
~≈~..♣♣♣.##....##.>.......###
~~~♣..♣......# #....†......#
.......?....# ##...........
...........### #...........
#...)....#@# #...........
##......)o## ##..###...#..
#.........####..## #..###.
##..........#.### #..#
.....)#.......## #.##
......####.....# #.# #....#
###.### ### ##### ###


You could see an orc (pursuing).

Vanquished Creatures
  Jessica (D:2)
  An orc wizard (D:4)
  An adder (D:3)
  An ufetubus (D:4)
  2 dart slugs
  An orc (D:4)
  5 bats
  4 endoplasms
  4 giant cockroaches
  9 goblins
  4 hobgoblins
  2 jackals (D:3)
  11 kobolds
  A quokka (D:1)
  2 ball pythons
  2 frilled lizards
  2 rats (D:1)
53 creatures vanquished.

Notes
Turn   | Place    | Note
-------+----------+-------------------------------------------
     0 | D:1      | Bnni the Formicid Earth Elementalist began the quest for
                  | the Orb.
     0 | D:1      | Reached XP level 1. HP: 13/13 MP: 3/3
   108 | D:1      | Reached XP level 2. HP: 19/19 MP: 3/5
   699 | D:1      | Reached XP level 3. HP: 25/25 MP: 4/6
   702 | D:1      | Reached skill level 4 in Earth Magic
   704 | D:1      | Reached skill level 1 in Conjurations
  1076 | D:2      | Got the Lessons on the Snake
  1342 | D:2      | Found a faded altar of an unknown god.
  1381 | D:2      | Noticed Jessica
  1383 | D:2      | Killed Jessica
  1384 | D:2      | Reached skill level 1 in Fighting
  1384 | D:2      | Reached XP level 4. HP: 32/32 MP: 4/7
  2025 | D:3      | Found a hide-covered altar of Uskayaw.
  2027 | D:3      | Found a sparkling altar of Nemelex Xobeh.
  2358 | D:3      | Learned a level 2 spell: Passwall
  2362 | D:3      | Learned a level 3 spell: Stone Arrow
  2369 | D:4      | Reached XP level 5. HP: 37/37 MP: 5/8
  2443 | D:4      | HP: 1/37 [orc wizard/puff of flame (9)]
  2450 | D:4      | HP: 1/37 [orc/+0 hand axe (6)]
  2451 | D:4      | Slain by an orc

Illustrated notes

Levels and vault maps discovered:
D:1:      dpeg_arrival_tiny_c, layout_basic, nrook_campfire
D:2:      layout_rooms, ebering_ecumenical_altar_hall, uniq_jessica
D:3:      layout_basic, chequers_temple_overflow_statue_of_worship,
          grunt_decor_arrowhead, nicolae_elevator_lobby_plus
D:4:      layout_layer_cave, amcnicky_altar_gilded,
          nicolae_overflow_hidden_temple, serial_shops,
          nicolae_shop_rolling_square, wad_woods_river_04

Skill      XL: |  1  2  3  4  5 |
---------------+----------------+-----
Earth Magic    | 4 |  4.5
Conjurations   | 1 2 |  2.0
Transmutations | 2 |  2.7
Fighting       | 1 |  1.3
Dodging        | |  1.7
Stealth        | |  2.4
Spellcasting   | |  2.6

Action                     |  1- 3 |  4- 6 || total
---------------------------+-------+-------++-------
  Melee: Unarmed           |     7 |       ||     7
         Whip              |       |     5 ||     5
   Cast: Sandblast         |    40 |    33 ||    73
Ability: Dig               |       |     1 ||     1
    Use: Potion            |       |     2 ||     2
 Armour: Robe              |     3 |     1 ||     4
  Dodge: Dodged            |    12 |    11 ||    23

Table legend: (Time is in decaauts)
 A = Elapsed time spent in this place.
 B = Non-inter-level travel time spent in this place.
 C = Inter-level travel time spent in this place.
 D = Time resting spent in this place.
 E = Time spent auto-exploring this place.
 F = Levels seen in this place.
 G = Mean time per level.
                   A        B        C        D        E       F      G
               +--------+--------+--------+--------+--------+-----+--------+
         Total |   2485 |   2442 |     43 |      0 |   2125 |   4 |  621.2 |
       Dungeon |   2485 |   2442 |     43 |      0 |   2125 |   4 |  621.2 |
               +--------+--------+--------+--------+--------+-----+--------+

Top non-repeatable levels by time:
     D:1: 1060 daAuts
     D:3: 773 daAuts
     D:2: 560 daAuts
     D:4: 90 daAuts
